 Dungeon Crawl Stone Soup version 0.17-a0-1534-gf98da79 (webtiles) character file.

65 namelastname112 the Firebug (level 3, -1/29 HPs)
             Began as a Draconian Fire Elementalist on July 17, 2015.
             Slain by Crazy Yiuf
             ... wielding a +4 quarterstaff of chaos
              (12 damage)
             ... on level 2 of the Dungeon.
             The game lasted 00:03:35 (1991 turns).

namelastname112 the Firebug (DrFE)                  Turns: 1991, Time: 00:03:35

Health: -1/29      AC:  9    Str: 10    XL:     3   Next: 92%
Magic:  7/7        EV: 10    Int: 16    God:
Gold:   150        SH:  0    Dex: 11    Spells: 1 memorised, 6 levels left

rFire  . . .     SeeInvis .     f - +2 dagger (venom)
rCold  . . .     Clarity  .     (armour unavailable)
rNeg   . . .     SustAt   .     (no shield)
rPois  .         Gourm    .     (helmet restricted)
rElec  .         Spirit   .     e - +0 cloak
rCorr  .         Warding  .     p - +2 pair of gloves
rMut   +         Stasis   .     (no boots)
MR     .....                    g - amulet of resist mutation
Stlth  ++........               o - -2 ring of evasion (curse)
                                (no ring)

@: not resistant to hostile enchantments, unstealthy
A: unfitting armour, cold-blooded, AC +5
a: no special abilities


You were on level 2 of the Dungeon.
You were very hungry.

You visited 1 branch of the dungeon, and saw 2 of its levels.

You collected 150 gold pieces.

Inventory:

Hand weapons
 f - a +2 dagger of venom (weapon)
Armour
 e - a +0 cloak (worn)
 p - a +2 pair of gloves (worn)
Jewellery
 g - an amulet of resist mutation (around neck)
 j - an uncursed ring of fire
 o - a cursed -2 ring of evasion (right hand)
 r - an uncursed ring of flight
Scrolls
 k - 3 scrolls of teleportation {unknown}
 l - a scroll of fear {unknown}
 m - a scroll of fog {unknown}
 n - 2 scrolls of identify {unknown}
Potions
 c - a potion of invisibility {unknown}
 d - a potion of lignification {unknown}
 i - a potion of curing
Books
 a - a book of Flames

   Spells                             Type                      Level
   a - Flame Tongue                   Conjuration/Fire             1
   b - Throw Flame                    Conjuration/Fire             2
   c - Conjure Flame                  Conjuration/Fire             3
   d - Inner Flame                    Hexes/Fire                   3
   e - Sticky Flame                   Conjuration/Fire             4
   f - Fireball                       Conjuration/Fire             5
Comestibles
 b - a bread ration
 h - 2 meat rations
 q - a beef jerky


   Skills:
 + Level 2.1 Fighting
 + Level 2.7 Dodging
 - Level 1.7 Stealth
 + Level 2.6 Spellcasting
 - Level 1.0 Conjurations
 - Level 3.0 Fire Magic


You had 6 spell levels left.
You knew the following spells:

 Your Spells              Type           Power        Failure   Level  Hunger
z - Flame Tongue          Conj/Fire      #....        10%         1    #......


Dungeon Overview and Level Annotations

Branches:
Dungeon (2/15)

Altars:

Annotations:
D:2 Crazy Yiuf


Innate Abilities, Weirdness & Mutations

Your plain brown scales are hard (AC +5).
Your body does not fit into most forms of armour.
You are cold-blooded and may be slowed by cold attacks.


Message History

Removed exclusion.
Unknown command.
You are feeling very hungry.
Crazy Yiuf zaps a wand.
The puff of frost hits you!
You feel a terrible chill!
It is a wand of frost.
Read which item? (? for menu, Esc to quit)
Okay, then.
Unknown command.
Read which item? (? for menu, Esc to quit)
Okay, then.
Remove which piece of jewellery? (? for menu, Esc to quit)
You remove your ring of fire.
You start resting.
You hit Crazy Yiuf but do no damage.
Crazy Yiuf is poisoned.
Crazy Yiuf barely misses you.
You hit Crazy Yiuf.
Crazy Yiuf looks even sicker.
Crazy Yiuf is lightly wounded.
Crazy Yiuf hits you with a quarterstaff of chaos!
Space warps horribly around you!
You die...

#.###.#####...###.#
#.######## ..# #.#
##.## #.#####.#
#.###.# #.#
#.......# ##.##>#
#.# #..######
##.#.# #.# #...#
##.##.# #.# ##..##
#.###.# ###.#
#....# .##
#.####...# #....#
.# #......###
#@..## ### .#
#####..# ##g## #..
.###### #..# #.##
#.# ......# #..#
##.# #.# #####.#
#..# #.# #.# #.#
#..# ##. #.# #.#
#..# .# #.# #.#
#..# .. #)# #.#
#..### ..#
########.#


You could see Crazy Yiuf.

Vanquished Creatures
  3 adders (D:2)
  An ooze (D:1)
  A giant gecko (D:1)
  A ball python (D:2)
  2 giant cockroaches (D:2)
  4 goblins
  3 hobgoblins
  6 jackals (D:1)
  A quokka (D:1)
  A giant newt (D:2)
  3 kobolds
  6 rats
32 creatures vanquished.

Notes
Turn   | Place    | Note
--------------------------------------------------------------
     0 | D:1      | namelastname112 the Draconian Fire Elementalist began the quest for the Orb.
     0 | D:1      | Reached XP level 1. HP: 14/14 MP: 3/3
   380 | D:1      | Reached XP level 2. HP: 17/22 MP: 0/5
   491 | D:1      | Reached skill level 1 in Fighting
  1185 | D:2      | Reached XP level 3. HP: 26/29 MP: 2/6
  1416 | D:2      | Noticed Crazy Yiuf
  1991 | D:2      | Slain by Crazy Yiuf

Vault maps used:
D:1:      dpeg_chamrin_arrival_tetris, minmay_ruptured
D:2:      uniq_crazy_yiuf_cottage

Action                   || total
-------------------------++-------
Melee: Unarmed           ||    22
       Dagger            ||    38
 Cast: Flame Tongue      ||    53
  Use: Potion            ||     1
  Eat: Chunk             ||     3
